 Dungeon Crawl Stone Soup version 0.29.0-4-gdea44cf6ec (webtiles) character file.

Game seed: 7679602585540015895

128 qw the Ruffian (level 4, -3/44 HPs)
             Began as a Troll Cinder Acolyte on Aug 30, 2022.
             Was a High Priest of Ignis.
             Slain by Sigmund
             ... wielding a +0 scythe
              (9 damage)
             ... on level 2 of the Dungeon.
             The game lasted 00:00:46 (1312 turns).

qw the Ruffian (Troll Cinder Acolyte)               Turns: 1312, Time: 00:00:46

Health: -3/44      AC:  4    Str: 24    XL:     4   Next: 87%
Magic:  4/4        EV:  9    Int: 14    God:    Ignis [*****.]
Gold:   155        SH:  0    Dex:  5    Spells: 5/5 levels left

rFire   + . .      SeeInvis .     - Unarmed
rCold   . . .      Faith    .   (no shield)
rNeg    . . .      Spirit   .   a - +0 robe
rPois   .          Reflect  .   (helmet restricted)
rElec   +          Harm     .   (no cloak)
rCorr   .          Rampage  .   (gloves unavailable)
Will    .....                   (boots unavailable)
Stlth   +.........              (no amulet)
HPRegen 0.94/turn               b - ring of the Bull {rElec Int+4 Slay+4}
MPRegen 0.09/turn               (no ring)

@: no status effects
A: large, unfitting armour, claws 3, regeneration 1, shaggy fur 1, tough skin 1
a: Renounce Religion, Fiery Armour, Foxfire Swarm, Rising Flame


You were on level 2 of the Dungeon.
You worshipped Ignis.
Ignis was extremely pleased with you.
You visited 1 branch of the dungeon, and saw 2 of its levels.

You collected 155 gold pieces.


Innate Abilities, Weirdness & Mutations

You are too large for most types of armour.
You have claws for hands.
Your natural rate of healing is unusually fast.
You are covered in fur. (AC +1)
You have tough skin. (AC +1)


   Skills:
 - Level 2.4 Fighting
 - Level 1.2 Throwing
 + Level 5.3 Unarmed Combat
 - Level 1.0 Spellcasting
 - Level 2.1 Fire Magic


You had 5 spell levels left.
You didn't know any spells.
Your spell library contained the following spells:

 Spells                   Type           Power      Damage    Failure   Level
 Scorch                   Fire           12%        2d6       16%         2

Inventory:

Missiles
 h - a javelin (quivered)
Armour
 a - a +0 robe (worn)
Jewellery
 b - the ring of the Bull (left claw) {rElec Int+4 Slay+4}
   (You acquired it on level 1 of the Dungeon)

   [ring of slaying]

   Int:       It affects your intelligence (+4).
   Slay:      It affects your accuracy & damage with ranged weapons and melee
   (+4).
   rElec:     It insulates you from electricity.
Scrolls
 e - 2 scrolls of noise {unknown}
Potions
 c - a potion of curing
 d - a potion of heal wounds {unknown}
 f - a potion of flight {unknown}
 g - a potion of brilliance {unknown}

Dungeon Overview and Level Annotations

Branches:
Dungeon (2/15)

Altars:

Annotations:
D:2 Sigmund


Message History

You kill the rat!
You claw the quokka!
You kill the quokka!
Something hits you!
You swing at nothing.
You swing at nothing.
Something hits you but does no damage.
You swing at nothing.
You hear some strange, mumbled words.
Something tries to affect you, but you resist.
You swing at nothing.
Something hits you.
You swing at nothing.
You swing at nothing.
Something hits you.
You swing at nothing.
You swing at nothing.
Something hits you!
You swing at nothing.
You hear some strange, mumbled words.
You are confused.
1304 ||| DRINKING 2 potions of curing.
You feel better.
1304 ||| (to cure confusion)
Something hits you!
You swing at nothing.
You swing at nothing.
Something hits you.
You swing at nothing.
You swing at nothing.
You hear some strange, mumbled words.
A puff of flame appears from out of thin air!
The puff of flame hits you but does no damage.
You swing at nothing.
Something hits you!
You swing at nothing.
Something hits you!
You swing at nothing.
You swing at nothing.
Something hits you!
You die...

.. #+##### #.# #.#..#.## [.
........# #.# #...####. ..
#.......# #.# #..##.... ..
#...(...# #.# #...####. ..
#.......# #.# ###..#.## ..#
#.......####%### #.... # ..###
#.....{........# #....## ....#
#......%.......###..#..#
....######......@%...........#...
..).'....+.......................
....#..###.......................
....##..#############.###....#...
...(......## #.# #....#<..
.......##..## #.# #...##...
.......###..### #r# #........
.......# ##...#### #.# #....#...
.......# ###....# #(# .#....[


There were no monsters in sight!

Vanquished Creatures
  Natasha (D:2)
  3 gnolls (D:2)
  3 adders (D:2)
  A worm (D:2)
  2 dart slugs
  5 ball pythons (D:2)
  5 bats
  4 endoplasms
  5 hobgoblins
  2 kobolds
  3 quokkas
  3 frilled lizards (D:2)
  A goblin (D:2)
  6 rats
44 creatures vanquished.

Notes
Turn   | Place    | Note
-------+----------+-------------------------------------------
     0 | D:1      | qw the Troll Cinder Acolyte began the quest for the Orb.
     0 | D:1      | Reached XP level 1. HP: 22/22 MP: 1/1
     0 | D:1      | 0 ||| qw: Version: 0.1-a-95-gae9e614
     0 | D:1      | 0 ||| qw: Game counter: 4412
     0 | D:1      | 0 ||| qw: Always use a shield: true
     0 | D:1      | 0 ||| qw: God list: Okawaru
     0 | D:1      | 0 ||| qw: Allow faded altars: false
     0 | D:1      | 0 ||| qw: Do Orc after D:15 true
     0 | D:1      | 0 ||| qw: Do second Lair branch before Depths: true
     0 | D:1      | 0 ||| qw: Lair rune preference: random
     0 | D:1      | 0 ||| qw: Plans: Normal
     0 | D:1      | 0 ||| PLANNING D:1-11
   266 | D:1      | Reached XP level 2. HP: 29/29 MP: 2/2
   870 | D:1      | 870 ||| READING scroll labelled IGOHOI KYNGAU.
   870 | D:1      | Identified a scroll of acquirement
   870 | D:1      | 870 ||| ACQUIRING ring of the Bull {rElec Int+4 Slay+4}
   870 | D:1      | Acquired the ring of the Bull {rElec Int+4 Slay+4}
   872 | D:1      | 872 ||| UPGRADING to ring of the Bull {rElec Int+4 Slay+4}.
   873 | D:1      | 873 ||| READING scroll labelled WUIVOTZUUTE.
   874 | D:1      | 874 ||| READING scroll labelled TACURCHO HOMIAPP.
   875 | D:1      | 875 ||| READING scroll labelled ATAUG FYUPH.
   879 | D:1      | 879 ||| READING scroll labelled SAUPNE KIMIEZU.
   880 | D:1      | 880 ||| DRINKING 3 metallic amethyst potions.
   918 | D:2      | Reached skill level 4 in Unarmed Combat
   922 | D:2      | 922 ||| INVOKING Fiery Armour.
   924 | D:2      | Reached XP level 3. HP: 36/36 MP: 3/3
   931 | D:2      | 931 ||| Stepping ~*~*~tactically~*~*~ (outnumbered).
   932 | D:2      | 932 ||| Stepping ~*~*~tactically~*~*~ (outnumbered).
   934 | D:2      | 934 ||| Stepping ~*~*~tactically~*~*~ (outnumbered).
   936 | D:2      | 936 ||| Stepping ~*~*~tactically~*~*~ (outnumbered).
   947 | D:2      | Reached XP level 4. HP: 35/44 MP: 4/4
   965 | D:2      | Reached skill level 5 in Unarmed Combat
  1253 | D:2      | Noticed Natasha
  1260 | D:2      | Killed Natasha
  1261 | D:2      | Reached skill level 1 in Throwing
  1287 | D:2      | 1287 ||| Stepping ~*~*~tactically~*~*~ (stealth).
  1287 | D:2      | Noticed Sigmund
  1290 | D:2      | 1290 ||| Stepping ~*~*~tactically~*~*~ (stealth).
  1304 | D:2      | 1304 ||| DRINKING 2 potions of curing.
  1304 | D:2      | 1304 ||| (to cure confusion)
  1309 | D:2      | HP: 11/44 [something (10)]
  1310 | D:2      | HP: 5/44 [something (7)]
  1312 | D:2      | Slain by Sigmund

Levels and vault maps discovered:
D:1:      onia_arrival_handbag, layout_basic, serial_bayou_pond_a
D:2:      layout_basic, minmay_fractal_squares_gapless_5, uniq_natasha,
          uniq_sigmund

Skill      XL: |  1  2  3  4 |
---------------+-------------+-----
Unarmed Combat | 4 5 |  5.3
Throwing       | 1 |  1.2
Fighting       | |  2.4
Spellcasting   | |  1.0
Fire Magic     | |  2.1

Action                   |  1- 3 |  4- 6 || total
-------------------------+-------+-------++-------
Melee: Unarmed           |    53 |    29 ||    82
       Punch             |     1 |     1 ||     2
Throw: Javelin           |       |     2 ||     2
Invok: Fiery Armour      |     1 |       ||     1
  Use: Scroll            |     5 |       ||     5
       Potion            |     1 |     1 ||     2
Armor: Robe              |    24 |    10 ||    34
Dodge: Dodged            |    22 |    14 ||    36

Table legend:
 A = Non-vault XP
 B = Vault XP
 C = Vault XP percentage of total XP
 D = Non-vault monster count
 E = Vault monster count
 F = Vault count percentage of total count
                 A         B        C        D         E       F
            +---------+---------+-------+---------+---------+-------
      Total |     125 |      59 |  32.1 |      34 |      10 |  22.7
            +---------+---------+-------+---------+---------+-------
        D:1 |      20 |       5 |  20.0 |      10 |       4 |  28.6
        D:2 |     105 |      54 |  34.0 |      24 |       6 |  20.0
            +---------+---------+-------+---------+---------+-------
